AoeStats
← AGE OF AI

Fortress

509334571Analyzed
4v4 RM · 7d ago on Sep 26, 2026· 75m 43s· 8 players
Game mode
Random Map
Map size
Huge
Population
200
Speed
Normal
Resources
Standard
Victory
Conquest
Starting age
Dark Age
Ending age
Imperial Age
RankedLock teamsTeams togetherTeam positionsShared explorationLock speedFull tech treeHidden civsTurbo modeCheats
Victory
Defeat
🇭🇰 Turks · Hong Kong SAR China
1048
+44
🇦🇺 Vikings · Australia
1007
+17
🇩🇪 Wei · Germany
995
+17
🇦🇺 Mongols · Australia
984
+17
🇳🇱 Vikings · Netherlands
1058
-18
🇳🇱 Chinese · Netherlands
1034
-17
🇳🇱 Spanish · Netherlands
1015
-16
🇹🇷 Burgundians · Türkiye
972
-15
Angusjack
8:35 Feudal Age
10:22 Double-Bit Axe
13:56 Castle Age
12:01 Horse Collar
13:37 Gold Mining
16:46 Bow Saw
16:37 Heavy Plow
17:19 Town Watch
24:58 Imperial Age
26:31 Gold Shaft Mining
26:00 Fletching
26:20 Forging
26:33 Conscription
26:53 Crop Rotation
27:33 Two-Man Saw
27:30 Treadmill Crane
28:11 Ballistics
28:52 Chemistry
28:04 Masonry
27:42 Crossbowman
28:57 Scale Mail Armor
29:35 Iron Casting
28:55 Bodkin Arrow
29:01 Padded Archer Armor
28:52 Loom
29:08 Town Patrol
29:04 Stone Mining
28:49 Arbalester
28:56 Pikeman
29:41 Squires
29:27 Arson
30:41 Chain Mail Armor
30:36 Bogsveigar
30:32 Capped Ram
31:16 Chieftains
32:26 Blast Furnace
31:31 Caravan
32:21 Bracer
32:30 Siege Engineers
32:37 Fortified Wall
32:23 Elite Varangian Guard
34:48 Leather Archer Armor
35:06 Plate Mail Armor
46:27 Pikeman
46:58 Elite Skirmisher
55:54 Siege Ram
60:36 Onager
Gangolf Eierschmalz
4:52 Loom
7:47 Feudal Age
8:41 Double-Bit Axe
8:39 Horse Collar
15:02 Castle Age
14:48 Bloodlines
16:04 Bow Saw
16:16 Heavy Plow
16:57 Gold Mining
19:01 Fletching
22:44 Bodkin Arrow
23:43 Ballistics
24:52 Scale Barding Armor
30:03 Imperial Age
27:54 Husbandry
29:58 Caravan
30:56 Forging
30:49 Padded Archer Armor
31:57 Gold Shaft Mining
32:29 Thumb Ring
32:54 Parthian Tactics
32:44 Tuntian
33:18 Bracer
34:46 Ming Guang Armor
35:29 Crop Rotation
35:31 Leather Archer Armor
35:42 Chain Barding Armor
35:18 Heavy Hei Guang Cavalry
41:46 Iron Casting
44:57 Elite Skirmisher
59:15 Ring Archer Armor
59:47 Blast Furnace
lkh57.alex
8:51 Feudal Age
14:16 Castle Age
12:06 Double-Bit Axe
12:19 Horse Collar
14:46 Gold Mining
18:08 Imperial Age
21:55 Wheelbarrow
30:32 Fortified Wall
30:04 Treadmill Crane
32:58 Gold Shaft Mining
36:18 Artillery
43:08 Stone Mining
53:23 Ballistics
57:44 Caravan
59:50 Bombard Tower
67:20 Bloodlines
67:15 Husbandry
68:29 Conscription
DisWhey
7:37 Feudal Age
8:22 Double-Bit Axe
11:44 Castle Age
9:41 Horse Collar
11:29 Wheelbarrow
12:49 Heavy Plow
13:33 Scale Barding Armor
13:53 Bow Saw
18:08 Wheelbarrow
19:57 Hand Cart
19:30 Loom
19:48 Gold Mining
27:05 Imperial Age
25:35 Fletching
25:45 Padded Archer Armor
25:48 Caravan
26:29 Husbandry
26:39 Bloodlines
25:50 Light Cavalry
26:28 Bodkin Arrow
27:25 Elite Mangudai
28:27 Conscription
28:29 Drill
28:54 Ballistics
29:35 Chemistry
28:42 Siege Engineers
28:43 Town Watch
29:02 Bracer
29:18 Leather Archer Armor
28:53 Capped Ram
30:06 Chain Barding Armor
29:58 Forging
30:07 Town Patrol
30:44 Gold Shaft Mining
30:04 Stone Mining
29:57 Hussar
32:11 Fervor
31:45 Siege Ram
36:46 Iron Casting
39:01 Blast Furnace
40:05 Stone Shaft Mining
39:55 Thumb Ring
40:18 Parthian Tactics
40:40 Herbal Medicine
40:24 Onager
45:37 Scale Mail Armor
61:41 Murder Holes
61:57 Masonry
61:59 Fortified Wall
63:35 Hoardings
66:07 Siege Onager
AGE OF AI
1:01 Loom
7:34 Feudal Age
8:12 Double-Bit Axe
12:35 Castle Age
12:02 Horse Collar
16:55 Bow Saw
19:04 Fletching
20:23 Gold Mining
20:24 Stone Mining
20:39 Heavy Plow
20:54 Padded Archer Armor
22:36 Wheelbarrow
21:50 Town Watch
23:26 Bodkin Arrow
23:47 Leather Archer Armor
24:07 Leather Archer Armor
25:15 Gold Shaft Mining
24:56 Hand Cart
25:00 Caravan
28:19 Imperial Age
26:05 Elite Skirmisher
27:52 Thumb Ring
29:24 Conscription
28:25 Elite Chu Ko Nu
29:26 Bracer
29:57 Ring Archer Armor
29:27 Scale Mail Armor
29:38 Forging
29:47 Masonry
29:50 Fortified Wall
29:37 Murder Holes
30:25 Ballistics
31:21 Stone Shaft Mining
31:49 Squires
31:09 Pikeman
33:50 Chemistry
32:57 Great Wall
34:32 Two-Man Saw
33:30 Heavy Rocket Cart
39:08 Bombard Tower
38:36 Elite Fire Lancer
38:39 Halberdier
40:48 Iron Casting
40:28 Chain Mail Armor
43:57 Crossbowman
46:34 Arbalester
julian
8:09 Feudal Age
7:30 Loom
8:57 Double-Bit Axe
12:08 Castle Age
15:39 Bow Saw
18:45 Horse Collar
23:39 Imperial Age
22:05 Fletching
22:16 Padded Archer Armor
23:19 Elite Skirmisher
24:00 Bodkin Arrow
25:38 Bracer
25:42 Scale Mail Armor
26:15 Conscription
26:44 Leather Archer Armor
26:29 Gold Mining
28:30 Ballistics
28:53 Chain Mail Armor
28:48 Forging
29:57 Heavy Plow
30:35 Gold Shaft Mining
31:03 Two-Man Saw
30:19 Crossbowman
32:16 Ring Archer Armor
32:22 Iron Casting
32:32 Town Watch
32:13 Elite Berserk
32:36 Arbalester
42:22 Capped Ram
44:43 Coinage
44:15 Caravan
44:06 Siege Ram
Ryu
5:40 Loom
7:46 Feudal Age
11:57 Castle Age
10:50 Double-Bit Axe
13:08 Fletching
13:27 Horse Collar
16:29 Wheelbarrow
18:37 Bodkin Arrow
22:28 Scale Barding Armor
26:11 Husbandry
26:17 Husbandry
26:36 Bloodlines
27:00 Chain Barding Armor
28:21 Gold Mining
29:43 Forging
29:56 Hand Cart
29:49 Heavy Plow
29:56 Padded Archer Armor
34:18 Imperial Age
32:52 Town Watch
34:06 Iron Casting
34:20 Cavalier
37:16 Plate Barding Armor
38:43 Bracer
39:46 Blast Furnace
43:34 Light Cavalry
44:45 Hussar
sonsehzadee
3:43 Double-Bit Axe
8:50 Feudal Age
9:40 Horse Collar
10:15 Bow Saw
10:50 Heavy Plow
15:18 Castle Age
14:19 Stone Mining
14:22 Gold Mining
19:29 Wheelbarrow
20:00 Two-Man Saw
20:30 Stone Shaft Mining
20:30 Crop Rotation
21:40 Loom
22:12 Hand Cart
24:34 Cavalier
25:15 Husbandry
27:27 Caravan
28:23 Gold Shaft Mining
31:45 Imperial Age
30:35 Burgundian Vineyards
32:17 Scale Barding Armor
32:24 Forging
32:07 Paladin
33:43 Chain Barding Armor
36:45 Plate Barding Armor
36:47 Iron Casting
42:14 Chemistry
44:39 Light Cavalry
49:15 Hussar
Connection lost

Rejoining the realm…

Still unreachable

The connection could not be restored.

Session expired

The server has moved on; the page needs a fresh start.